 Dungeon Crawl Stone Soup version 0.27.1-2-g3b301248ec (webtiles) character file.

Game seed: 4487600335400869529

56 nxtlvl the Chopper (level 4, -2/35 HPs)
             Began as a Formicid Monk on Sept 24, 2021.
             Succumbed to an orc's poison
             ... on level 3 of the Dungeon.
             The game lasted 00:07:27 (1019 turns).

nxtlvl the Chopper (Formicid Monk)                  Turns: 1019, Time: 00:07:27

Health: -2/35      AC:  5    Str: 14 (15) XL:     4   Next: 17%
Magic:  4/4        EV: 11    Int:  9 (10) God:
Gold:   99         SH:  0    Dex: 11 (14) Spells: 3/3 levels left

rFire    . . .     SeeInvis +   a - +0 hand axe
rCold    . . .     Faith    .   (no shield)
rNeg     . . .     Spirit   .   c - +0 ring mail
rPois    .         Reflect  .   (helmet unavailable)
rElec    .         Harm     .   (no cloak)
rCorr    .         Rampage  .   (no gloves)
Will     .....                  (no boots)
Stlth    +.........             (no amulet)
HPRegen  0.11/turn              (no ring)
MPRegen  0.09/turn              (no ring)

@: lethally poisoned (-2 -> -17)
A: permanent stasis, dig shafts and tunnels, antennae 3, four strong arms
a: Dig, Shaft Self


You were on level 3 of the Dungeon.
You visited 1 branch of the dungeon, and saw 3 of its levels.

You collected 99 gold pieces.

Inventory:

Hand Weapons
 a - a +0 hand axe (weapon)
 b - a +0 hunting sling
Missiles
 d - 41 arrows
 f - 50 sling bullets
 g - 11 poisoned darts
 i - 14 bolts
Armour
 c - a +0 ring mail (worn)
Scrolls
 e - a scroll of enchant weapon {unknown}
Potions
 h - a potion of degeneration


   Skills:
 - Level 3.2 Fighting
 * Level 4.7 Axes
 - Level 2.6 Dodging
 - Level 2.4 Stealth


You had 3 spell levels left.
You didn't know any spells.
Your spell library contained the following spells:

 Spells                   Type           Power      Damage    Failure   Level
 Shock                    Conj/Air       0%         1d3       63%         1
 Airstrike                Air            0%         N/A       100%        4
 Swiftness                Air            Unusable   N/A       N/A         3

Dungeon Overview and Level Annotations

Branches:
Dungeon (3/15)

Altars:


Innate Abilities, Weirdness & Mutations

You cannot be hasted, slowed, berserked, paralysed or teleported.
You can dig through walls and to a lower floor.
You have a pair of large antennae on your head. (SInv)
Your four strong arms can wield two-handed weapons with a shield.


Message History

You kill the orc!
f - 51 sling bullets (gained 1)
Things that are here:
a +0 hand axe; an orc corpse
f - 52 sling bullets (gained 1)
An orc comes into view. It is wielding a +1 flail of venom.
Found a stone staircase leading down.
You shoot a sling bullet.
The sling bullet hits the orc but does no damage.
You shoot a sling bullet.
The sling bullet hits the orc but does no damage.
a - a +0 hand axe (weapon)
The orc hits you but does no damage.
You are poisoned.
You closely miss the orc.
You feel very sick. The orc barely misses you.
You completely miss the orc.
You feel sick. The orc closely misses you.
You completely miss the orc.
You feel sick.
The orc hits you with a +1 flail of venom.
You are more poisoned.
You hit the orc but do no damage.
You feel very sick. The orc closely misses you.
You hit the orc but do no damage.
You feel very sick. The orc barely misses you.
You closely miss the orc.
You feel sick.
The orc hits you with a +1 flail of venom.
* * * LOW HITPOINT WARNING * * *
You are more poisoned.
It was a potion of degeneration.
There was something very wrong with that liquid.
You feel weakened.
You feel dopey.
You feel clumsy.
* * * LOW HITPOINT WARNING * * *
You feel very sick. The orc barely misses you.
Unknown command.
You closely miss the orc.
You die...

###.##.# #....).#
#.#.#<.##
#.#.#...#.#
#.#.......#
#..)#...#.#
#########.##..#.#
#.........# .....
#########@#
..#.#.
..>.....o......
##.####..(.....
####(#### ... #..
... ..


You could see an orc.

Vanquished Creatures
  An adder (D:2)
  A worm (D:2)
  A dart slug (D:1)
  4 orcs (D:3)
  4 bats
  3 endoplasms
  4 goblins
  4 hobgoblins
  A quokka (D:1)
  3 ball pythons
  4 frilled lizards
  A kobold (D:2)
  8 rats
39 creatures vanquished.

Notes
Turn   | Place    | Note
-------+----------+-------------------------------------------
     0 | D:1      | nxtlvl the Formicid Monk began the quest for the Orb.
     0 | D:1      | Reached XP level 1. HP: 18/18 MP: 1/1
   107 | D:1      | Found a faded altar of an unknown god.
   131 | D:1      | Reached XP level 2. HP: 17/24 MP: 2/2
   425 | D:2      | Reached skill level 4 in Axes
   425 | D:2      | Reached XP level 3. HP: 25/29 MP: 3/3
   872 | D:2      | Reached XP level 4. HP: 35/35 MP: 4/4
  1018 | D:3      | HP: 1/35 [poisoned by an orc]
  1019 | D:3      | Succumbed to an orc's poison

Illustrated notes

Levels and vault maps discovered:
D:1:      minmay_arrival_checkered_box, layout_basic,
          dreamdust_ecumenical_altar_statues, serial_bayou_pond_c
D:2:      layout_basic, minmay_pentomino_x2
D:3:      minmay_skewed_foursquare, layout_basic, lemuel_tele_altar,
          chequers_serial_rivers_large_b, uniq_sigmund, uniq_grinder, uniq_robin

Skill      XL: |  1  2 |
---------------+-------+-----
Axes           | 4 |  4.7
Fighting       | |  3.2
Dodging        | |  2.6
Stealth        | |  2.4

Action                   |  1- 3 |  4- 6 || total
-------------------------+-------+-------++-------
Melee: Hand axe          |    91 |    19 ||   110
 Fire: Hunting sling     |    33 |     8 ||    41
 Abil: Dig               |    10 |     2 ||    12
  Use: Potion            |       |     1 ||     1
 Stab: Sleeping          |     2 |       ||     2
Armor: Leather armour    |    14 |       ||    14
       Ring mail         |    16 |     2 ||    18
Dodge: Dodged            |    46 |    11 ||    57
